AoeStats
← Crash234

Arena

512704099Analyzed
4v4 RM · 6d ago on Oct 10, 2026· 48m 59s· 8 players
Game mode
Random Map
Map size
Large (8 player)
Population
200
Speed
Normal
Resources
Standard
Victory
Conquest
Starting age
Dark Age
Ending age
Imperial Age
RankedLock teamsTeams togetherTeam positionsShared explorationLock speedFull tech treeHidden civsTurbo modeCheats
Victory
Defeat
🇷🇺 Tupi · Russia
758
+14
🇷🇺 Slavs · Russia
748
+15
🇷🇺 Romans · Russia
746
+15
🇹🇷 Bohemians · Türkiye
653
+19
vs
🇲🇽 Maya · Mexico
741
-17
🇬🇧 Italians · United Kingdom
731
-16
🇲🇽 Turks · Mexico
709
-15
🇹🇷 Persians · Türkiye
692
-15
C9 OSM3928
11:42 Feudal Age
14:07 Double-Bit Axe
18:24 Castle Age
21:20 Stone Mining
21:22 Gold Mining
22:18 Wheelbarrow
37:51 Imperial Age
35:29 Horse Collar
36:45 Stone Shaft Mining
36:24 Bow Saw
39:38 Hand Cart
38:47 Elite Genoese Crossbowman
39:53 Conscription
40:52 Two-Man Saw
pablocxp23
8:28 Loom
12:45 Feudal Age
14:57 Double-Bit Axe
14:53 Horse Collar
18:42 Castle Age
18:45 Wheelbarrow
18:22 Gold Mining
18:26 Stone Mining
19:36 Bow Saw
19:33 Heavy Plow
21:10 Wheelbarrow
23:15 Fletching
23:28 Padded Archer Armor
26:35 Scale Mail Armor
28:57 Hand Cart
28:29 Town Watch
29:28 Squires
30:12 Town Patrol
31:41 Gold Shaft Mining
37:10 Imperial Age
35:09 Bodkin Arrow
35:30 Leather Archer Armor
35:26 Forging
35:31 Chain Mail Armor
35:22 Scale Barding Armor
38:16 Husbandry
38:30 Bloodlines
37:43 Heavy Camel Rider
38:11 Arson
38:36 Bracer
39:07 Ring Archer Armor
39:07 Plate Mail Armor
39:12 Iron Casting
39:00 Ballistics
38:37 Murder Holes
38:22 Treadmill Crane
38:53 Fortified Wall
38:55 Masonry
39:17 Conscription
39:40 Hoardings
40:14 Thumb Ring
41:06 Artillery
41:46 Chain Barding Armor
demirovsky
0:43 Loom
11:56 Feudal Age
19:04 Castle Age
18:52 Horse Collar
26:00 Double-Bit Axe
26:33 Heavy Plow
31:29 Wheelbarrow
30:39 Town Watch
31:12 Bow Saw
31:46 Gold Mining
31:49 Stone Mining
33:58 Husbandry
34:09 Bloodlines
37:27 Hand Cart
43:38 Imperial Age
42:26 Gold Shaft Mining
42:29 Stone Shaft Mining
joseabrojo
0:32 Loom
12:21 Feudal Age
15:19 Wheelbarrow
17:58 Castle Age
17:44 Forging
20:00 Squires
20:39 Iron Casting
20:12 Scale Mail Armor
20:59 Fletching
21:21 Thumb Ring
21:20 Padded Archer Armor
22:52 Double-Bit Axe
22:52 Horse Collar
27:55 Bodkin Arrow
29:34 Elite Skirmisher
31:18 Bow Saw
32:06 Ballistics
32:31 Hand Cart
33:00 Chain Mail Armor
34:52 Leather Archer Armor
37:56 Gold Mining
38:12 Heavy Plow
39:33 Pikeman
40:00 Arson
43:17 Imperial Age
40:34 Town Watch
41:36 Hul'che Javelineers
42:31 Eagle Warrior
45:42 Conscription
Konata Izumi
11:17 Feudal Age
13:11 Gold Mining
16:10 Castle Age
15:12 Horse Collar
19:08 Heavy Plow
18:56 Double-Bit Axe
19:49 Bow Saw
20:08 Stone Mining
22:34 Wheelbarrow
25:27 Gold Shaft Mining
26:20 Town Watch
27:20 Fletching
27:30 Padded Archer Armor
28:42 Hand Cart
33:40 Imperial Age
31:11 Town Patrol
32:21 Squires
32:07 Arson
31:42 Pikeman
31:43 Champi Runner
32:52 Leather Archer Armor
32:32 Bodkin Arrow
33:49 Loom
35:01 Conscription
34:03 Elite Blackwood Archer
34:49 Curare
34:07 Halberdier
35:06 Forging
35:44 Caravan
37:17 Ring Archer Armor
36:23 Champi Warrior
37:15 Caciques
37:31 Scale Mail Armor
37:34 Bracer
38:23 Iron Casting
38:55 Two-Man Saw
38:17 Capped Ram
38:41 Elite Champi Warrior
39:45 Chain Mail Armor
39:58 Ballistics
41:07 Chemistry
40:58 Capped Ram
42:31 Plate Mail Armor
48:01 Siege Ram
Crash234
9:15 Loom
13:00 Feudal Age
14:25 Horse Collar
14:33 Double-Bit Axe
19:17 Wheelbarrow
20:51 Gold Mining
23:18 Castle Age
22:03 Man-at-Arms
23:02 Scale Mail Armor
24:11 Forging
25:11 Heavy Plow
24:37 Long Swordsman
27:56 Squires
28:41 Bow Saw
31:04 Hand Cart
31:04 Stone Mining
32:48 Chain Mail Armor
33:16 Gold Shaft Mining
35:50 Iron Casting
36:02 Fletching
39:10 Imperial Age
37:13 Caravan
38:18 Town Watch
39:22 Bodkin Arrow
39:19 Legionary
41:35 Blast Furnace
40:23 Heavy Scorpion
41:45 Ballistics
42:26 Chemistry
46:34 Ballistas
49:50 Comitatenses
49:51 Conscription
l-l-server-l-l
11:56 Feudal Age
13:48 Town Watch
14:48 Town Watch
17:25 Castle Age
15:17 Double-Bit Axe
15:16 Horse Collar
17:32 Wheelbarrow
17:45 Wheelbarrow
18:12 Squires
18:28 Forging
20:35 Hand Cart
20:36 Stone Mining
21:37 Heavy Plow
21:43 Gold Mining
23:23 Man-at-Arms
24:10 Scale Mail Armor
24:41 Fletching
25:59 Long Swordsman
29:58 Iron Casting
29:39 Chain Mail Armor
29:21 Bodkin Arrow
30:05 Bow Saw
30:41 Town Patrol
31:21 Detinets
32:08 Gold Shaft Mining
35:54 Pikeman
39:49 Imperial Age
41:03 Conscription
41:03 Two-Handed Swordsman
42:03 Champion
44:11 Blast Furnace
43:43 Plate Mail Armor
45:26 Two-Man Saw
44:57 Crop Rotation
44:36 Druzhina
44:15 Halberdier
47:06 Scale Barding Armor
46:37 Elite Boyar
kael9297
0:57 Loom
13:54 Feudal Age
14:34 Double-Bit Axe
14:33 Horse Collar
16:51 Wheelbarrow
23:09 Castle Age
21:35 Padded Archer Armor
21:28 Fletching
22:27 Forging
22:25 Scale Mail Armor
22:32 Man-at-Arms
22:58 Arson
24:03 Caravan
24:21 Bow Saw
24:48 Long Swordsman
24:51 Pikeman
25:40 Heavy Plow
28:24 Hand Cart
32:49 Squires
33:43 Coinage
35:16 Chemistry
34:27 Fortified Wall
38:48 Imperial Age
37:15 Leather Archer Armor
36:56 Bodkin Arrow
37:30 Ballistics
38:51 Houfnice
40:24 Careening
40:22 Siege Engineers
40:15 Halberdier
40:35 Elite Skirmisher
40:38 Two-Handed Swordsman
41:37 Champion
44:35 Chain Mail Armor
48:19 Two-Man Saw
47:31 Elite Hussite Wagon
48:21 Wagenburg Tactics
48:36 Conscription
49:08 Iron Casting
Connection lost

Rejoining the realm…

Still unreachable

The connection could not be restored.

Session expired

The server has moved on; the page needs a fresh start.